 Dungeon Crawl Stone Soup version 0.31-a0-1620-gcbf77bbcfc (webtiles) character file.

Game seed: 6043741667045867608

261 Flugslaktarn the Trooper (level 5, -1/48 HPs)
             Began as a Minotaur Fighter on Jan 11, 2024.
             Was an Initiate of Gozag.
             Slain by Grinder (5 damage)
             ... while paralysed by Grinder
             ... on level 4 of the Dungeon.
             The game lasted 00:01:21 (3130 turns).

Flugslaktarn the Trooper (Minotaur Fighter)         Turns: 3130, Time: 00:01:22

Health: -1/48      AC:  9    Str: 28    XL:     5   Next: 96%
Magic:  4/4        EV:  2    Int:  5    God:    Gozag
Gold:   172        SH:  0    Dex: 10    Spells: 4/4 levels left

rFire   + . .        a - +0 war axe
rCold   . . .        b - +2 buckler {rF+}
rNeg    . . .        m - +0 chain mail
rPois   .            (helmet restricted)
rElec   .            (no cloak)
rCorr   .            (no gloves)
SInv    .            (no boots)
Will    .....        (no amulet) Stlth
                     l - +6 ring of strength
HPRegen 0.28/turn    (no ring)
MPRegen 0.09/turn

%: no passive effects
@: paralysed
A: horns 2, retaliatory headbutt
a: Renounce Religion, Potion Petition, Call Merchant, Bribe Branch


You were on level 4 of the Dungeon.
You worshipped Gozag.
Gozag was aware of your devotion.
You visited 1 branch of the dungeon, and saw 4 of its levels.

You collected 212 gold pieces.
You paid 40 gold pieces to Gozag.

Inventory:

Hand Weapons
 a - a +0 war axe (weapon)
Armour
 b - a +2 buckler of fire resistance (worn)
   (You found it on level 1 of the Dungeon)
 c - a +0 buckler
 m - a +0 chain mail (worn)
   (You found it on level 1 of the Dungeon)
Jewellery
 l - a +6 ring of strength (left hand)
   (You found it on level 1 of the Dungeon)
 p - a ring of magical power
   (You found it on level 2 of the Dungeon)
Scrolls
 f - a scroll of fog
 g - 2 scrolls of revelation
 h - 2 scrolls of enchant armour {unknown}
 r - 3 scrolls of identify
 s - a scroll of teleportation {unknown}
Potions
 d - a potion of might
 e - a potion of heal wounds {unknown}
 i - a potion of cancellation {unknown}
 j - a potion of lignification {unknown}
 k - a potion of brilliance {unknown}
 n - a potion of magic {unknown}
 o - a potion of berserk rage {unknown}
 q - a potion of curing


   Skills:
 * Level 5.5 Fighting
 * Level 4.8 Axes
 + Level 4.5 Armour
 + Level 4.6 Shields


You had 4 spell levels left.
You didn't know any spells.
Your spell library was empty.

Dungeon Overview and Level Annotations

Branches:
Dungeon (4/15)
 Temple: D:4-7

Altars:
Elyvilon
Gozag

Shops:
D:2 [   D:3 (

Annotations:
D:4 Dowan, Duvessa, Grinder


Innate Abilities, Weirdness & Mutations

You have a pair of horns on your head.
You reflexively headbutt those who attack you in melee.


Message History

The orc hits you but does no damage.
You slash the orc!
You kill the orc!
No target in view!
No target in view!
You now have 172 gold pieces (gained 7).
You see here a +0 war axe.
You see here a +0 war axe.
Found a whip.
No target in view!
Grinder and a quokka come into view.
Grinder shouts!
An adder comes into view.
Grinder blinks!
There are monsters nearby!
You closely miss the adder. You block the adder's attack.
You block the quokka's attack.
You closely miss the adder. You closely miss the quokka.
You block the adder's attack.
Grinder blinks!
The adder bites you but does no damage. You block the quokka's attack.
You closely miss the adder. You closely miss the quokka.
You block the adder's attack.
The quokka bites you but does no damage.
You block the adder's attack.
You closely miss the adder. You hit the quokka. The quokka barely misses you.
You furiously retaliate!
You headbutt the quokka!
You kill the quokka!
You block the adder's attack.
You hit the adder.
The adder is lightly wounded.
The adder bites you.
You are poisoned.
The adder poisons you! You block the adder's attack.
You barely miss the adder.
The adder is lightly wounded.
You feel very sick. The adder bites you but does no damage.
The adder bites you.
You miss the adder.
The adder is lightly wounded.
You closely miss Grinder.
You feel sick.
Grinder is distracted by your dazzling golden aura.
The adder bites you but does no damage.
Grinder shouts!
You closely miss the adder. Your headbutt misses the adder.
The adder is lightly wounded.
You barely miss Grinder.
Grinder is no longer distracted by gold.
You feel sick.
The adder is distracted by your dazzling golden aura.
Grinder hits you.
You writhe in agony.
The adder hisses angrily.
You closely miss the adder.
The adder is no longer distracted by gold.
The adder is lightly wounded.
You hit Grinder.
You feel sick. The adder bites you but does no damage. Grinder gestures at you.
Pain shoots through your body! The adder closely misses you.
You hit Grinder. Your headbutt misses Grinder.
Grinder is moderately wounded.
You closely miss the adder.
You feel sick.
You are no longer poisoned.
Grinder barely misses you. You furiously retaliate!
You headbutt Grinder. The adder bites you but does no damage.
Grinder hits you but does no damage.
You slash Grinder! Your headbutt misses Grinder.
Grinder is heavily wounded.
You closely miss the adder. The adder closely misses you.
You furiously retaliate!
You headbutt the adder! The adder bites you but does no damage.
Grinder barely misses you.
It was a potion of curing.
You feel better.
q - a potion of curing;
k - a fuming clear potion The adder barely misses you.
Grinder blinks!
The adder bites you but does no damage.
You hit the adder.
You kill the adder!
You see here 6 gold pieces.
Grinder barely misses you.
You closely miss Grinder.
Grinder is heavily wounded.
Grinder hits you. You block Grinder's attack.
You barely miss Grinder.
Grinder is heavily wounded.
Grinder gestures at you. Pain shoots through your body!
You are too injured to fight recklessly!
You barely miss Grinder. Your headbutt misses Grinder.
Grinder is heavily wounded.
Grinder gestures at you.
You suddenly lose the ability to move!
Grinder hits you.
* * * LOW HITPOINT WARNING * * *
Grinder hits you.
* * * LOW HITPOINT WARNING * * *
You writhe in agony.
* * * LOW HITPOINT WARNING * * *
Grinder hits you!
* * * LOW HITPOINT WARNING * * *
You writhe in agony.
You die...
Grinder says, "Hey, I wasn't done torturing you yet!"
Your body crumbles into a pile of gold.

### ## #.# #.# #.# ..# #
#.# ...# #.####.##...
.........# #...5..#
#@$..# #$##..... #.# .#.
#.# #########
#########.###.##<.>.....
).............##.#######
.########.######.#
#.######.####.#
#......>......#


You could see Grinder.

Vanquished Creatures
  A bombardier beetle (D:3)
  An orc priest (D:2)
  Natasha (thrice) (D:2)
  6 adders
  2 dart slugs
  2 ribbon worms (D:2)
  5 orcs
  8 bats
  4 endoplasms
  A hobgoblin (D:3)
  5 jackals (D:1)
  2 kobolds
  2 quokkas
  9 ball pythons
  A frilled lizard (D:3)
  4 goblins
  5 rats
61 creatures vanquished.

Notes
Turn   | Place    | Note
-------+----------+-------------------------------------------
     0 | D:1      | Flugslaktarn the Minotaur Fighter began the quest for the
                  | Orb.
     0 | D:1      | Reached XP level 1. HP: 19/19 MP: 0/0
   125 | D:1      | Reached XP level 2. HP: 27/27 MP: 1/1
   162 | D:1      | Found a faded altar of an unknown god.
   168 | D:1      | Reached skill level 4 in Fighting
   613 | D:2      | Found Reveuxt's Armour Shop.
   709 | D:2      | Reached XP level 3. HP: 33/33 MP: 2/2
   755 | D:2      | Noticed Natasha
   763 | D:2      | Killed Natasha
   768 | D:2      | Reached XP level 4. HP: 33/41 MP: 3/3
  1117 | D:2      | Noticed Natasha
  1123 | D:2      | Reached skill level 5 in Fighting
  1126 | D:2      | Killed Natasha
  1127 | D:2      | Reached XP level 5. HP: 44/48 MP: 4/4
  1150 | D:2      | Noticed Natasha
  1158 | D:2      | Killed Natasha
  2055 | D:3      | Found an opulent altar of Gozag.
  2114 | D:3      | Became a worshipper of Gozag Ym Sagoz the Greedy
  2200 | D:3      | Found Muff's Weapon Emporium.
  2784 | D:3      | Found a white marble altar of Elyvilon.
  2947 | D:4      | Noticed Duvessa
  2947 | D:4      | Noticed Dowan
  3107 | D:4      | Noticed Grinder
  3127 | D:4      | Paralysed by Grinder for 4 turns
  3130 | D:4      | Slain by Grinder

Illustrated notes

Levels and vault maps discovered:
D:1:      grunt_arrival_lava_bath, layout_rooms, basic_ecumenical_altar
D:2:      layout_basic, serial_shops, shop, uniq_natasha
D:3:      layout_basic, mainiacjoe_overflow_alcove_1,
          nicolae_gozag_seed_capital, serial_shops,
          nicolae_shop_bloodbath_and_beyond
D:4:      layout_loops_ring, bloody_makhleb, kennysheep_small_spiral,
          minmay_hedge_maze, uniq_grinder, uniq_duvessa, uniq_crazy_yiuf_cottage

Skill      XL: |  1  2  3  4 |
---------------+-------------+-----
Fighting       | 4 5 |  5.5
Axes           | 3 4 |  4.8
Armour         | 4 |  4.5
Shields        | 4 |  4.6

Action                     |  1- 3 |  4- 6 || total
---------------------------+-------+-------++-------
  Melee: War axe           |    59 |    82 ||   141
         Headbutt          |     3 |     9 ||    12
    Use: Scroll            |     2 |       ||     2
         Potion            |       |     1 ||     1
 Armour: Scale mail        |    26 |       ||    26
         Chain mail        |    18 |    59 ||    77
  Dodge: Dodged            |    34 |    34 ||    68
  Block: Buckler           |    21 |    32 ||    53

Table legend: (Time is in decaauts)
 A = Elapsed time spent in this place.
 B = Non-inter-level travel time spent in this place.
 C = Inter-level travel time spent in this place.
 D = Time resting spent in this place.
 E = Time spent auto-exploring this place.
 F = Levels seen in this place.
 G = Mean time per level.
                   A        B        C        D        E       F      G
               +--------+--------+--------+--------+--------+-----+--------+
         Total |   3193 |   2932 |    261 |      0 |   2506 |   4 |  798.2 |
       Dungeon |   3193 |   2932 |    261 |      0 |   2506 |   4 |  798.2 |
               +--------+--------+--------+--------+--------+-----+--------+

Top non-repeatable levels by time:
     D:2: 1484 daAuts
     D:3: 1032 daAuts
     D:1: 610 daAuts
     D:4: 66 daAuts
